 Dungeon Crawl Stone Soup version 0.31.0-11-ge490571c62 (webtiles) character file.

Game seed: 4044490714612171903

528 zazu2006 the Chiller (level 7, -4/51 HPs)
             Began as a Gnoll Wanderer on Feb 3, 2024.
             Was an Initiate of Vehumet.
             Slain by an ice beast (10 damage)
             ... on level 5 of the Dungeon.
             The game lasted 00:12:24 (1236 turns).

zazu2006 the Chiller (Gnoll Wanderer)               Turns: 1236, Time: 00:12:25

Health: -4/51      AC:  3    Str: 11    XL:     7   Next: 23%
Magic:  12/12      EV: 13    Int: 13    God:    Vehumet [......]
Gold:   79         SH:  0    Dex: 12    Spells: 12/13 levels left

rFire   . . .        a - +2 falchion
rCold   . . .        (no shield)
rNeg    . . .        d - +0 robe
rPois   .            (no helmet)
rElec   .            b - +0 cloak
rCorr   .            (no gloves)
SInv    +            (no boots)
Will    .....        e - amulet of regeneration
Stlth   +            k - ring of see invisible
HPRegen 1.08/turn    (no ring)
MPRegen 0.13/turn

%: no passive effects
@: silenced
A: fangs 1, strong nose, distributed training
a: Renounce Religion


You were on level 5 of the Dungeon.
You worshipped Vehumet.
Vehumet was noncommittal.
You visited 1 branch of the dungeon, and saw 6 of its levels.

You collected 79 gold pieces.

Inventory:

Hand Weapons
 a - a +2 falchion (weapon)
Armour
 b - a +0 cloak (worn)
 d - a +0 robe (worn)
 h - a +0 buckler
Jewellery
 e - an amulet of regeneration (around neck)
 k - a ring of see invisible (left hand)
Wands
 f - a wand of iceblast (6)
Scrolls
 c - a scroll of teleportation
 g - a scroll of fear {unknown}
 i - a scroll of silence


   Skills:
 + Level 2.4 Fighting
 + Level 2.4 Short Blades
 + Level 5.2 Long Blades
 + Level 2.4 Axes
 + Level 2.4 Maces & Flails
 + Level 2.4 Polearms
 + Level 2.4 Staves
 + Level 2.4 Ranged Weapons
 + Level 2.4 Throwing
 + Level 3.6 Armour
 + Level 3.6 Dodging
 + Level 2.4 Stealth
 + Level 2.4 Shields
 + Level 2.4 Unarmed Combat
 + Level 3.8 Spellcasting
 + Level 2.0 Conjurations
 + Level 2.0 Hexes
 + Level 2.0 Summonings
 + Level 2.0 Necromancy
 + Level 2.0 Translocations
 + Level 2.0 Fire Magic
 + Level 5.8 Ice Magic
 + Level 2.0 Air Magic
 + Level 2.0 Earth Magic
 + Level 2.0 Alchemy
 + Level 5.3 Invocations
 + Level 2.4 Evocations
 + Level 2.2 Shapeshifting


You had 12 spell levels left.
You knew the following spells:

 Your Spells              Type           Power      Damage    Failure   Level
a - Freeze                Ice            68%        1d8       1%          1

Your spell library contained the following spells:

 Spells                   Type           Power      Damage    Failure   Level
 Frozen Ramparts          Ice            34%        1d6       6%          3
 Hailstorm                Conj/Ice       12%        3d6       13%         3


Dungeon Overview and Level Annotations

Branches:
Dungeon (6/15)
 Temple: D:4-7

Altars:
Elyvilon
Makhleb
Vehumet


Innate Abilities, Weirdness & Mutations

You have very sharp teeth.
Your uncanny sense of smell can sniff out nearby items.
Your experience applies equally to all skills.


Message History

There are no items here.
Okay, then.
Okay, then.
As you read the scroll labelled RIENOFE MYSUOC, it crumbles to dust.
A profound silence engulfs you.
It was a scroll of silence.
You hit the ice beast but do no damage. The ice beast barely misses you.
You hit the ice beast.
The ice beast is lightly wounded.
The ice beast closely misses you.
You completely miss the ice beast.
The ice beast is lightly wounded.
The ice beast barely misses you.
You slash the ice beast!
The ice beast is moderately wounded.
The ice beast hits you. The ice beast freezes you!
You hit the ice beast. You punch the ice beast.
The ice beast is heavily wounded.
The ice beast hits you. The ice beast freezes you!
You hit the ice beast.
The ice beast is heavily wounded.
The ice beast closely misses you.
You hit the ice beast. Your bite misses the ice beast.
The ice beast is severely wounded.
The ice beast hits you but does no damage.
You closely miss the ice beast.
The ice beast is severely wounded.
The ice beast hits you. The ice beast freezes you!
You closely miss the ice beast.
The ice beast is severely wounded.
The ice beast hits you. The ice beast freezes you!
* * * LOW HITPOINT WARNING * * *
You hit the ice beast.
The ice beast is severely wounded.
The ice beast barely misses you.
You hit the ice beast.
The ice beast is almost dead.
The ice beast hits you.
* * * LOW HITPOINT WARNING * * *
The ice beast freezes you!
You die...

#s..#......##
#...##...#..
#...........## ....#
#...### #............#
#...# #......
.............## #...#
#......
#.............####....#
#####..
#....##........#.....###
#.....# #...#
###...........#...
#.###.# #..#
#######..?...... #.# ..#
#@Y...... #.# #
##........ #..
#......... ∆ ...
#....>.... ∆ .8.
#......... ###.......
#...... ######


You could see an ice beast.

Vanquished Creatures
  A water moccasin (D:5)
  An ogre (D:5)
  A scorpion (D:5)
  A howler monkey (D:5)
  A hound (D:4)
  An iguana (D:5)
  2 orc wizards (D:5)
  3 adders
  4 gnolls (D:5)
  6 orcs
  6 endoplasms
  5 goblins
  5 hobgoblins
  4 kobolds
  3 quokkas
  3 ball pythons
  5 bats
52 creatures vanquished.

Vanquished Creatures (others)
  An orc wizard (D:5)
1 creature vanquished.

Grand Total: 53 creatures vanquished

Notes
Turn   | Place    | Note
-------+----------+-------------------------------------------
     0 | D:1      | zazu2006 the Gnoll Wanderer began the quest for the Orb.
     0 | D:1      | zazu2006 set off with the following items: a +2 falchion, a
                  | +0 cloak, a scroll of teleportation, a +0 robe; and the
                  | following spell memorised: Freeze; and the following spells
                  | available to memorise: Hailstorm.
     0 | D:1      | Reached XP level 1. HP: 13/13 MP: 4/4
    86 | D:1      | Reached XP level 2. HP: 7/19 MP: 5/5
   484 | D:4      | Reached XP level 3. HP: 24/25 MP: 4/7
   500 | D:4      | Reached skill level 1 in Fighting
   500 | D:4      | Reached skill level 1 in Short Blades
   500 | D:4      | Reached skill level 1 in Axes
   500 | D:4      | Reached skill level 1 in Maces & Flails
   500 | D:4      | Reached skill level 1 in Polearms
   500 | D:4      | Reached skill level 1 in Staves
   500 | D:4      | Reached skill level 1 in Ranged Weapons
   500 | D:4      | Reached skill level 1 in Throwing
   500 | D:4      | Reached skill level 1 in Stealth
   500 | D:4      | Reached skill level 1 in Shields
   500 | D:4      | Reached skill level 1 in Unarmed Combat
   500 | D:4      | Reached skill level 1 in Evocations
   500 | D:4      | Reached skill level 1 in Shapeshifting
   500 | D:4      | Reached XP level 4. HP: 9/32 MP: 6/8
   653 | D:4      | Found a white marble altar of Elyvilon.
   661 | D:4      | Found a burning altar of Makhleb.
   697 | D:5      | Entered Level 5 of the Dungeon
   742 | D:5      | Found a radiant altar of Vehumet.
   745 | D:5      | Became a worshipper of Vehumet
   749 | D:5      | Noticed an ogre
   769 | D:5      | Reached skill level 1 in Conjurations
   769 | D:5      | Reached skill level 1 in Hexes
   769 | D:5      | Reached skill level 1 in Summonings
   769 | D:5      | Reached skill level 1 in Necromancy
   769 | D:5      | Reached skill level 1 in Translocations
   769 | D:5      | Reached skill level 1 in Fire Magic
   769 | D:5      | Reached skill level 1 in Air Magic
   769 | D:5      | Reached skill level 1 in Earth Magic
   769 | D:5      | Reached skill level 1 in Alchemy
   769 | D:5      | Reached XP level 5. HP: 33/37 MP: 9/9
   786 | D:5      | Killed an ogre
   787 | D:5      | Reached skill level 5 in Invocations
   852 | D:5      | Reached XP level 6. HP: 35/44 MP: 11/11
   889 | D:5      | Reached skill level 5 in Long Blades
   903 | D:5      | Noticed an ice beast
   907 | D:5      | Noticed an ice beast
   997 | D:5      | Found a faded altar of an unknown god.
  1061 | D:6      | Noticed an ice beast
  1203 | D:5      | Noticed a water moccasin
  1208 | D:5      | Killed a water moccasin
  1209 | D:5      | Reached XP level 7. HP: 51/51 MP: 9/12
  1236 | D:5      | Slain by an ice beast

Illustrated notes

Levels and vault maps discovered:
D:1:      elethiomel_arrival_infinity_welcomes_careful_drivers,
          layout_loops_ring
D:2:      layout_basic
D:3:      layout_loops_ring, nicolae_tso_carved_into_rock,
          kennysheep_cross_bottleneck, kennysheep_jessica_study
D:4:      layout_rooms, mainiacjoe_overflow_big_doors,
          nicolae_inconvenience_store, minmay_misc_feat_nine_boxes,
          minmay_increasing_density
D:5:      layout_cave_pods, lemuel_crystal_altar, serial_column_ruins,
          column_ruins_hut_ruined, column_ruins_temple_hut,
          column_ruins_columns_corner, column_ruins_open_small,
          column_ruins_corridor_straight, column_ruins_columns_straight,
          uniq_duvessa
D:6:      layout_rooms

Skill      XL: |  1  2  3  4  5  6 |
---------------+-------------------+-----
Fighting       | 1 2 |  2.4
Short Blades   | 1 2 |  2.4
Axes           | 1 2 |  2.4
Maces & Flails | 1 2 |  2.4
Polearms       | 1 2 |  2.4
Staves         | 1 2 |  2.4
Ranged Weapons | 1 2 |  2.4
Throwing       | 1 2 |  2.4
Stealth        | 1 2 |  2.4
Shields        | 1 2 |  2.4
Unarmed Combat | 1 2 |  2.4
Spellcasting   | 3 |  3.8
Evocations     | 1 2 |  2.4
Shapeshifting  | 1 2 |  2.2
Conjurations   | 1 2 |  2.0
Hexes          | 1 2 |  2.0
Summonings     | 1 2 |  2.0
Necromancy     | 1 2 |  2.0
Translocations | 1 2 |  2.0
Fire Magic     | 1 2 |  2.0
Air Magic      | 1 2 |  2.0
Earth Magic    | 1 2 |  2.0
Alchemy        | 1 2 |  2.0
Armour         | 3 |  3.6
Dodging        | 3 |  3.6
Invocations    | 5 |  5.3
Long Blades    | 5 |  5.2
Ice Magic      | |  5.8

Action                     |  1- 3 |  4- 6 |  7- 9 || total
---------------------------+-------+-------+-------++-------
  Melee: Falchion          |    47 |   111 |    11 ||   169
         Bite              |     5 |    16 |       ||    21
         Punch             |       |     3 |     1 ||     4
  Throw: Throwing net      |       |     1 |       ||     1
   Cast: Freeze            |     2 |    22 |       ||    24
  Evoke: Wand              |       |     2 |       ||     2
    Use: Scroll            |       |     1 |     1 ||     2
         Potion            |       |     2 |       ||     2
   Stab: Sleeping          |     2 |     1 |       ||     3
 Armour: Robe              |    14 |    85 |     6 ||   105
  Dodge: Dodged            |    28 |    68 |     5 ||   101
